 Dungeon Crawl Stone Soup version 0.23.0-3-gf3c87f2df8 (webtiles) character file.

Game seed: 9383092564075838563

5148 Cykl0x the Cleaver (level 10, -6/124 HPs)
             Began as a Minotaur Fighter on Feb 23, 2019.
             Was a Believer of Makhleb.
             Mangled by a spriggan
             ... wielding the +10 trident of Currency {freeze, rPois}
              (14 damage)
             ... on level 9 of the Dungeon.
             The game lasted 00:19:21 (7976 turns).

Cykl0x the Cleaver (Minotaur Fighter)               Turns: 7976, Time: 00:19:21

Health: -6/124     AC: 12    Str: 28    XL:     10   Next: 33%
Magic:  12/12      EV: 13    Int:  6    God:    Makhleb [**....]
Gold:   406        SH: 17    Dex: 10    Spells: 9/9 levels left

rFire    . . .     SeeInvis .   y - +1 broad axe (drain)
rCold    . . .     Gourm    .   F - +0 large shield
rNeg     + . .     Faith    .   G - +5 scale mail of Eternity {+Inv}
rPois    .         Spirit   .   (helmet restricted)
rElec    .         Reflect  .   (no cloak)
rCorr    .         Harm     .   (no gloves)
MR       .....                  (no boots)
Stlth    ..........             (no amulet)
HPRegen  0.30/turn              t - ring of positive energy
MPRegen  0.13/turn              u - +4 ring of evasion

@: berserking, very slightly contaminated, invisible, very quick
A: retaliatory headbutt, horns 2
a: Minor Destruction, Renounce Religion


You were on level 9 of the Dungeon.
You worshipped Makhleb.
Makhleb was pleased with you.
You were hungry.

You visited 1 branch of the dungeon, and saw 9 of its levels.

You collected 478 gold pieces.
You spent 72 gold pieces at shops.

Inventory:

Hand Weapons
 a - a +2 war axe
 y - a +1 broad axe of draining (weapon)
Missiles
 e - 143 stones (quivered)
Armour
 E - a +0 plate armour
 F - a +0 large shield (worn)
 G - the +5 scale mail of Eternity (worn) {+Inv}
   (You found it on level 8 of the Dungeon)

   It lets you turn invisible.
Jewellery
 c - an uncursed ring of ice {unknown}
 t - a ring of positive energy (left hand)
 u - a +4 ring of evasion (right hand)
 z - an uncursed ring of protection from magic
 H - a cursed -2 ring of intelligence {unknown}
Wands
 l - a wand of random effects (17)
 p - a wand of acid (19)
 r - a wand of disintegration (15)
Scrolls
 g - 3 scrolls of identify
 h - 3 scrolls of remove curse
 n - 2 scrolls of immolation
 v - 5 scrolls of teleportation
 x - 2 scrolls of magic mapping
 A - a scroll of amnesia
 I - a scroll of enchant armour
Potions
 b - a potion of curing
 d - 3 potions of might
 i - 2 potions of berserk rage
 j - 2 potions of ambrosia
 k - a potion of magic {unknown}
 m - 4 potions of flight
 o - a potion of brilliance {unknown}
 q - a potion of mutation {unknown}
 s - 2 potions of resistance {unknown}
 w - 3 potions of agility {unknown}
 B - a potion of lignification {unknown}
 C - a potion of heal wounds {unknown}
Comestibles
 f - 10 rations
 D - 5 chunks of flesh


   Skills:
 + Level 5.8 Fighting
 * Level 10.7 Axes
 * Level 5.2 Throwing
 + Level 7.3 Armour
 * Level 5.8 Dodging
 + Level 1.2 Stealth
 + Level 7.0 Shields
 * Level 1.8 Invocations
 * Level 4.2 Evocations


You had 9 spell levels left.
You didn't know any spells.
Your spell library contained the following spells:

 Spells                   Type           Power        Failure   Level  Hunger
 Animate Skeleton         Necr           N/A          100%        1    ##.....
 Apportation              Tloc           #.....       100%        1    ##.....
 Confusing Touch          Hex            #.....       100%        1    ##.....
 Sandblast                Erth           #.....       100%        1    ##.....
 Summon Small Mammal      Summ           #...         100%        1    ##.....
 Passwall                 Tmut/Erth      #.......     100%        2    ###....
 Confuse                  Hex            #.......     100%        3    ####...
 Gell's Gravitas          Tloc           #.........   100%        3    ####...
 Stone Arrow              Conj/Erth      #.....       100%        3    ####...
 Petrify                  Tmut/Erth      #.......     100%        4    #####..
 Lee's Rapid Deconstruct  Erth           #.........   100%        5    ######.
 Metabolic Englaciation   Hex/Ice        #.........   100%        5    ######.
 Yara's Violent Unravell  Hex/Tmut       #.........   100%        5    ######.


Dungeon Overview and Level Annotations

Branches:
Dungeon (9/15)             Temple (0/1) D:6
   Lair: D:8-11         Orc: D:9-12

Altars:
Ashenzari
Gozag
Makhleb
Sif Muna
Xom

Shops:
D:5 (

Annotations:
D:9 Flure's ghost, novice DrIE


Innate Abilities, Weirdness & Mutations

You reflexively headbutt those who attack you in melee.
You have a pair of horns on your head.


Message History

The spriggan barely misses you.
Flure's ghost says with laughter: "And yet I knew I would end up like that..."
Flure's ghost hits you!
* * * LOW HITPOINT WARNING * * *
The wolf closely misses you. You furiously retaliate!
You headbutt the wolf!
A red film seems to cover your vision as you go berserk!
You feel yourself moving faster!
You feel mighty! The wolf bites you.
* * * LOW HITPOINT WARNING * * *
You block Flure's ghost's attack.
The spriggan hits you from afar with the +10 trident of Currency {freeze, rPois}!
* * * LOW HITPOINT WARNING * * *
The spriggan freezes you.
* * * LOW HITPOINT WARNING * * *
You feel a strong urge to attack something.
You block the wolf's attack.
You miss the spriggan. Your headbutt misses the spriggan.
You slash Flure's ghost! You miss the wolf. Flure's ghost hits you.
* * * LOW HITPOINT WARNING * * *
The spriggan hits you with the +10 trident of Currency {freeze, rPois}!
You die...

.#.# .. .#.# #+#
._.....## ##..# .....#..#
#..# ##♣♣♣♣
.....#..####.####.♣..
.... #..##........#♣♣
#.####..##........8#♣
.......))))....hWi.#♣...
#...#.#.##......@..).♣
#)#.#.#.##.........#...♣
(.#.#.#.##........8#♣..♣
###.#.#.####.####.#♣..♣.♣
#...#.# #.. #.♣.P♣♣ ♣
##.#### ###. ..♣♣♣♣ ..
####. #+ .


You could see a spriggan, a wolf and Flure's ghost.

Vanquished Creatures
  The ghost of PeterQ the Ducker, a novice GnGl of Uskayaw (D:5)
  The ghost of chimenez the Chopper, a novice FoFi (D:5)
  The ghost of Mandevil the Thaumaturge, a novice DEWz (D:5)
  A hornet (D:7)
  A hippogriff (D:7)
  A spriggan (D:9)
  A human (D:8)
  2 hungry ghosts
  Menkaure (D:5)
  2 orc warriors
  An ice beast (D:5)
  3 black bears
  An ogre (D:5)
  A phantom (D:7)
  A centaur (D:9)
  A big kobold (D:8)
  3 bullfrogs
  7 scorpions
  8 killer bees
  3 howler monkeys
  A centaur zombie (D:7)
  5 crimson imps
  4 jellies
  5 orc priests
  A gnoll shaman (D:7)
  4 orc wizards
  Jessica (D:3)
  Natasha (thrice) (D:3)
  5 iguanas
  2 worker ants
  A killer bee zombie (D:7)
  A hound zombie (D:8)
  9 gnolls
  A howler monkey skeleton (D:7)
  14 adders
  2 adder zombies (D:6)
  2 worms
  2 dart slugs
  2 leopard geckos
  34 orcs
  10 giant cockroaches
  5 goblins
  7 hobgoblins
  3 jackals (D:3)
  10 kobolds
  6 quokkas
  A ball python (D:5)
  5 bats
  2 frilled lizards
  A leopard gecko skeleton (D:5)
  3 quokka zombies
  17 rats
210 creatures vanquished.

Vanquished Creatures (others)
  A plant (D:9)
1 creature vanquished.

Grand Total: 211 creatures vanquished

Notes
Turn   | Place    | Note
-------+----------+-------------------------------------------
     0 | D:1      | Cykl0x the Minotaur Fighter began the quest for the Orb.
     0 | D:1      | Reached XP level 1. HP: 19/19 MP: 0/0
   230 | D:1      | Reached XP level 2. HP: 27/27 MP: 1/1
   771 | D:2      | Reached skill level 3 in Axes
   771 | D:2      | Reached XP level 3. HP: 25/33 MP: 2/2
  1091 | D:2      | Reached skill level 1 in Throwing
  1121 | D:2      | Found a faded altar of an unknown god.
  1812 | D:3      | Noticed Natasha
  1816 | D:3      | Killed Natasha
  1816 | D:3      | Reached skill level 1 in Dodging
  1816 | D:3      | Reached XP level 4. HP: 40/40 MP: 3/3
  2064 | D:3      | Noticed Natasha
  2070 | D:3      | Killed Natasha
  2070 | D:3      | Reached XP level 5. HP: 39/46 MP: 4/4
  2335 | D:3      | Noticed Jessica
  2343 | D:3      | Killed Jessica
  2343 | D:3      | Reached skill level 4 in Axes
  2346 | D:3      | Noticed Natasha
  2359 | D:3      | Killed Natasha
  2449 | D:3      | Reached XP level 6. HP: 39/53 MP: 5/5
  2615 | D:3      | Reached skill level 5 in Armour
  2837 | D:3      | Reached skill level 1 in Evocations
  3786 | D:4      | Found an opulent altar of Gozag.
  3786 | D:4      | Found a shattered altar of Ashenzari.
  3810 | D:5      | Entered Level 5 of the Dungeon
  3853 | D:5      | Reached skill level 5 in Axes
  3862 | D:5      | Reached XP level 7. HP: 58/60 MP: 5/7
  3885 | D:5      | Reached skill level 5 in Shields
  3969 | D:5      | Found a burning altar of Makhleb.
  3977 | D:5      | Became a worshipper of Makhleb the Destroyer
  4082 | D:5      | Found Zewu's Antique Weapon Emporium.
  4090 | D:5      | Bought a broad axe for 72 gold pieces
  4152 | D:5      | Reached skill level 6 in Axes
  4521 | D:5      | Found a runed translucent gate.
  4521 | D:5      | Found a runed translucent gate.
  4521 | D:5      | Found a runed translucent gate.
  4527 | D:5      | Noticed Mandevil's ghost (novice DEWz)
  4527 | D:5      | Noticed PeterQ's ghost (novice GnGl)
  4527 | D:5      | Noticed chimenez's ghost (novice FoFi)
  4550 | D:5      | Killed PeterQ's ghost
  4550 | D:5      | Reached skill level 7 in Axes
  4550 | D:5      | Reached XP level 8. HP: 23/67 MP: 8/8
  4554 | D:5      | Killed chimenez's ghost
  4554 | D:5      | Reached skill level 8 in Axes
  4560 | D:5      | Killed Mandevil's ghost
  4560 | D:5      | Reached skill level 5 in Fighting
  4826 | D:5      | Noticed Menkaure
  4833 | D:5      | Killed Menkaure
  4833 | D:5      | Reached XP level 9. HP: 33/74 MP: 10/10
  5320 | D:6      | Found a shimmering altar of Xom.
  5655 | D:6      | Found a staircase to the Ecumenical Temple.
  5790 | D:7      | Paralysed by fainting for 12 turns
  5864 | D:7      | Reached skill level 9 in Axes
  6162 | D:7      | Found a burning altar of Makhleb.
  6373 | D:7      | Reached skill level 1 in Stealth
  6380 | D:7      | Reached * piety under Makhleb
  6392 | D:7      | Reached skill level 5 in Dodging
  6832 | D:7      | Paralysed by a hornet for 2 turns
  7196 | D:8      | Reached skill level 10 in Axes
  7362 | D:8      | Reached XP level 10. HP: 81/81 MP: 11/11
  7432 | D:8      | Reached skill level 5 in Throwing
  7437 | D:8      | Reached skill level 1 in Invocations
  7463 | D:8      | Reached ** piety under Makhleb
  7537 | D:8      | Got a bloodstained scale mail
  7548 | D:8      | Identified the +5 scale mail of Eternity {+Inv} (You found
                  | it on level 8 of the Dungeon)
  7922 | D:9      | Found a deep blue altar of Sif Muna.
  7953 | D:9      | Found a runed translucent door.
  7954 | D:9      | Identified the +10 trident of Currency {freeze, rPois}
  7956 | D:9      | Noticed Flure's ghost (novice DrIE)
  7976 | D:9      | Mangled by a spriggan

Skill      XL: |  1  2  3  4  5  6  7  8  9 10 |
---------------+-------------------------------+-----
Shields        | 4 5 6 7 |  7.0
Axes           | 3 4 5 7 8 10 | 10.7
Fighting       | 4 5 |  5.8
Throwing       | 1 2 3 4 5 |  5.2
Armour         | 4 5 6 7 |  7.3
Dodging        | 1 2 3 4 5 |  5.8
Evocations     | 1 2 3 4 |  4.2
Stealth        | 1 |  1.2
Invocations    | 1 |  1.8

Action                   |  1- 3 |  4- 6 |  7- 9 | 10-12 || total
-------------------------+-------+-------+-------+-------++-------
Melee: War axe           |    90 |   146 |    78 |       ||   314
       Headbutt          |    17 |    27 |    39 |    19 ||   102
       Broad axe         |       |       |   195 |   107 ||   302
Throw: Stone             |    10 |    46 |    15 |     6 ||    77
 Abil: Evoke Invisibilit |       |       |       |     2 ||     2
  Use: Scroll            |    11 |     4 |     5 |       ||    20
       Potion            |       |       |     4 |     1 ||     5
  Eat: Chunk             |     3 |     5 |    12 |     8 ||    28
       Ration            |       |       |     2 |       ||     2
Armor: Scale mail        |    25 |       |       |     7 ||    32
       Chain mail        |    33 |    68 |   101 |       ||   202
       Plate armour      |       |       |     7 |    20 ||    27
Dodge: Dodged            |    25 |    41 |   114 |    36 ||   216
Block: Shield            |    44 |    86 |   184 |       ||   314
       Large shield      |       |       |     5 |   115 ||   120
